 Dungeon Crawl Stone Soup version 0.21-a0-265-gb353147 (console) character file.

7694 removed the Fighter (level 10, -4/91 HPs)
             Began as a Demigod Venom Mage on Sept 10, 2017.
             Killed from afar by a gargoyle (17 damage)
             ... with a stone arrow
             ... on level 11 of the Dungeon.
             The game lasted 00:31:29 (16072 turns).

removed the Fighter (Demigod Venom Mage)           Turns: 16072, Time: 00:31:30

Health: -4/91      AC: 24    Str: 11    XL:     10   Next: 68%
Magic:  21/21      EV: 18    Int: 25    God:
Gold:   329        SH:  0    Dex: 16    Spells: 15/19 levels left

rFire    . . .     SeeInvis .   a - +3 trident (protect)
rCold    . . .     Gourm    .   (no shield)
rNeg     . . .     Faith    .   J - +2 leather armour {MR+}
rPois    .         Spirit   .   A - +2 helmet
rElec    +         Reflect  .   (no cloak)
rCorr    .         Harm     .   G - +0 pair of gloves
MR       ++...                  x - +1 pair of boots
Stlth    ++........             (no amulet)
HPRegen  0.25/turn              E - ring of Sif Muna's Delight {rElec AC+3}
MPRegen  0.17/turn              v - +3 ring of protection

@: protection aura
A: high mp 1
a: no special abilities


You were on level 11 of the Dungeon.
You were not hungry.

You visited 1 branch of the dungeon, and saw 11 of its levels.
You also visited: Ossuary.

You collected 329 gold pieces.

Inventory:

Hand Weapons
 a - a +3 trident of protection (weapon)
 b - a +4 long sword of freezing
 f - a +0 dagger
 i - a +0 spear
 s - a +1 mace of crushing
 P - a +0 trident
 U - a cursed -1 war axe
Armour
 l - a +0 robe
 x - a +1 pair of boots (worn)
 A - a +2 helmet (worn)
 G - a +0 pair of gloves (worn)
 J - a +2 leather armour of magic resistance (worn)
 Q - a +1 leather armour of fire resistance
 R - a +3 leather armour
Jewellery
 v - a +3 ring of protection (right hand)
 E - the ring of Sif Muna's Delight (left hand) {rElec AC+3}
   (You found it on level 9 of the Dungeon)

   [ring of protection]

   It affects your AC (+3).
   It insulates you from electricity.
 Z - a +3 ring of intelligence
Wands
 W - a wand of acid (1/15)
 Y - a wand of polymorph (7/24)
Scrolls
 e - 3 scrolls of enchant armour
 k - 4 scrolls of teleportation
 n - 3 scrolls of recharging
 q - 6 scrolls of remove curse
 w - 3 scrolls of amnesia
 C - a scroll of magic mapping
 H - a scroll of enchant weapon
Potions
 u - a potion of resistance {unknown}
 z - a potion of haste {unknown}
 B - a potion of might
 D - a potion of agility {unknown}
 F - 3 potions of magic
 K - 2 potions of heal wounds
 M - 2 potions of flight
 O - 5 potions of curing
 V - 4 potions of brilliance
 X - a potion of cancellation {unknown}
Books
 T - a Young Poisoner's Handbook

   Spells                             Type                      Level
   a - Sting                          Conjuration/Poison           1
   b - Poisonous Vapours              Poison/Air                   2
   c - Mephitic Cloud                 Conjuration/Poison/Air       3
   d - Olgreb's Toxic Radiance        Poison                       4
   e - Venom Bolt                     Conjuration/Poison           5
Comestibles
 c - 6 bread rations
 g - 6 meat rations
 I - 2 royal jellies
 N - 3 chunks of flesh
 S - 5 fruits


   Skills:
 + Level 9.4 Fighting
 - Level 9.2 Dodging
 - Level 1.7 Stealth
 - Level 5.0 Spellcasting
 - Level 6.1 Conjurations
 - Level 4.0 Poison Magic


You had 15 spell levels left.
You knew the following spells:

 Your Spells              Type           Power        Failure   Level  Hunger
a - Sting                 Conj/Pois      ####         1%          1    None
m - Mephitic Cloud        Conj/Pois/Air  ###.....     9%          3    ##.....


Dungeon Overview and Level Annotations

Branches:
Dungeon (11/15)            Temple (0/1) D:6            Lair (0/6) D:8
    Orc: D:9-12

Annotations:
D:4 exclusion: phantom, namelastname112's ghost, novice HaHu
D:7 Shiggs's ghost, novice HOFi


Innate Abilities, Weirdness & Mutations

You have an increased reservoir of magic. (+10% MP)


Message History

The gargoyle hits you but does no damage.
You barely miss the gargoyle.
The gargoyle is severely damaged.
The gargoyle hurls a stone arrow at you.
The stone arrow hits you!
* * * LOW HITPOINT WARNING * * *
You hit the gargoyle but do no damage.
The gargoyle is severely damaged.
The gargoyle hits you with a flail!
* * * LOW HITPOINT WARNING * * *
You hit the gargoyle but do no damage.
The gargoyle is severely damaged.
The gargoyle misses you.
You hit the gargoyle but do no damage.
The gargoyle is severely damaged.
The gargoyle hurls a stone arrow at you.
The stone arrow misses you.
The gargoyle hurls a stone arrow at you.
The stone arrow hits you!
You die...

### #.#######
#.9@....#
#.#####.####
#.#...#....#
#.#.....##.#
#.#....<...#
#####.####...#.#
#............# #
#...9#####.#.#
#.... .. .#


You could see a gargoyle.

Vanquished Creatures
  An unseen horror (D:10)
  3 trolls
  A hornet (D:7)
  4 hippogriffs
  6 yaks
  A black bear (D:5)
  4 orc warriors
  A sky beast (D:8)
  A phantom (D:10)
  6 ogres
  5 wolves
  6 centaurs
  6 bullfrogs
  4 scorpions
  5 killer bees (D:9)
  4 wights (D:6)
  8 howler monkeys
  8 electric eels
  2 centaur zombies (Ossuary)
  5 crimson imps
  A bullfrog zombie (D:6)
  3 hounds
  An orc priest (D:7)
  A centaur skeleton (D:10)
  An iguana (D:9)
  10 orc wizards
  5 worker ants
  A big kobold zombie (Ossuary)
  3 ogre zombies (Ossuary)
  A hound zombie (D:6)
  7 mummies (Ossuary)
  2 worker ant zombies
  8 adders
  4 shadow imps
  5 adder zombies
  4 worms
  7 leopard geckos
  23 orcs
  3 ball pythons
  8 giant cockroaches
  A gnoll zombie (Ossuary)
  8 goblins
  5 hobgoblins
  9 jackals
  5 kobolds
  4 quokkas
  5 bats
  7 frilled lizards
  7 hobgoblin zombies (Ossuary)
  7 kobold zombies (Ossuary)
  A leopard gecko zombie (D:5)
  3 quokka zombies (Ossuary)
  3 rats
  3 rat zombies (Ossuary)
247 creatures vanquished.

Vanquished Creatures (others)
  2 plants (D:6)
2 creatures vanquished.

Grand Total: 249 creatures vanquished

Notes
Turn   | Place    | Note
-------+----------+-------------------------------------------
     0 | D:1      | removed the Demigod Venom Mage began the quest for the Orb.
     0 | D:1      | Reached XP level 1. HP: 14/14 MP: 5/5
    98 | D:1      | Reached skill level 1 in Conjurations
   465 | D:1      | Reached XP level 2. HP: 20/20 MP: 4/7
  1520 | D:2      | Reached XP level 3. HP: 26/26 MP: 4/8
  1629 | D:2      | Found a hide-covered altar of Uskayaw.
  3096 | D:3      | Reached XP level 4. HP: 33/33 MP: 2/9
  3299 | D:3      | Noticed a bullfrog
  3306 | D:3      | Killed a bullfrog
  3744 | D:3      | Found a sparkling altar of Nemelex Xobeh.
  3984 | D:4      | Reached XP level 5. HP: 38/38 MP: 5/10
  4033 | D:4      | Noticed a phantom
  4077 | D:4      | Noticed a centaur
  4083 | D:4      | Learned a level 3 spell: Mephitic Cloud
  4194 | D:4      | Noticed namelastname112's ghost (novice HaHu)
  4652 | D:4      | Found a shimmering altar of Xom.
  5141 | D:4      | Killed a centaur
  5141 | D:4      | Reached skill level 5 in Conjurations
  5141 | D:4      | Reached XP level 6. HP: 34/45 MP: 2/11
  5697 | D:5      | Entered Level 5 of the Dungeon
  6201 | D:5      | Reached XP level 7. HP: 46/50 MP: 5/14
  6672 | D:6      | Reached skill level 1 in Fighting
  7431 | D:6      | Reached XP level 8. HP: 35/63 MP: 17/17
  7898 | D:6      | Found a staircase to the Ecumenical Temple.
  8294 | D:6      | Found a sacrificial altar of Ru.
  8804 | D:6      | Found a bloodstained altar of Trog.
  9334 | D:7      | Found a stormy altar of Qazlal.
  9340 | D:7      | Noticed Shiggs's ghost (novice HOFi)
  9404 | D:7      | Noticed a hornet
  9459 | D:7      | Reached skill level 5 in Fighting
  9472 | D:7      | Killed a hornet
  9490 | D:7      | Noticed a hippogriff
  9501 | D:7      | Killed a hippogriff
  9501 | D:7      | Reached skill level 5 in Dodging
  9540 | D:7      | Found a sand-covered staircase.
  9541 | D:7      | Noticed a troll
  9545 | Ossuary  | Entered an ossuary
  9940 | Ossuary  | Reached XP level 9. HP: 61/74 MP: 19/19
 10036 | Ossuary  | Reached skill level 5 in Spellcasting
 10792 | D:7      | Found a blossoming altar of Fedhas.
 10792 | D:7      | Found an iron altar of Okawaru.
 12847 | D:8      | Reached XP level 10. HP: 74/88 MP: 19/21
 13027 | D:8      | Found a staircase to the Lair.
 13459 | D:9      | Got a faintly glowing iron ring
 13461 | D:9      | Identified the ring of Sif Muna's Delight {rElec AC+3} (You found it on level 9 of the Dungeon)
 13887 | D:9      | Found a glowing silver altar of Zin.
 14261 | D:10     | Entered Level 10 of the Dungeon
 15036 | D:10     | Killed an unseen horror
 15937 | D:11     | Noticed a seven-headed hydra
 16072 | D:11     | Killed from afar by a gargoyle

Vault maps used:
D:1:      dpeg_arrival_solitude, kennysheep_crisscross, minmay_pentomino_r2
D:2:      lemuel_round_altar
D:3:      nemelex_xobeh_ov_fountains_minmay, kennysheep_generic_room_5
D:4:      kennysheep_little_box
D:5:      black_bear_nest_2, first_bread
D:6:      kennysheep_mini_moat, nicolae_ru_awakened_eye,
          minmay_temple_entry_steel_oval, serial_bayou, serial_bayou_shore_a,
          serial_bayou_lagoon_b, serial_bayou_pond_c, serial_bayou_pond_d
D:7:      amethyst_overflow_temple_binary, lemuel_crystal_altar,
          lightli_ossuary_entry_decrepit_ruins
D:8:      erik_lair_island
D:9:      zin_scriptorium
D:11:     orc_0_dummy, grunt_tengu_nest, chequers_guarded_unrand_ignorance
Ossuary:  ossuary_boxes_badplayer

Skill      XL: |  1  2  3  4  5  6  7  8  9 10 |
---------------+-------------------------------+-----
Conjurations   | 2 3 5 6 |  6.1
Poison Magic   | 3 4 |  4.0
Spellcasting   | 3 4 5 |  5.0
Fighting       | 3 5 8 9 |  9.4
Dodging        | 2 5 7 9 |  9.2
Stealth        | |  1.7

Action                   |  1- 3 |  4- 6 |  7- 9 | 10-12 || total
-------------------------+-------+-------+-------+-------++-------
Melee: Mace              |     8 |       |       |       ||     8
       Trident           |       |    42 |   571 |   185 ||   798
       Long sword        |       |       |    13 |       ||    13
 Cast: Sting             |   122 |    93 |   203 |   120 ||   538
       Mephitic Cloud    |       |     4 |    22 |     6 ||    32
Evoke: Wand              |       |       |       |     1 ||     1
  Use: Scroll            |       |       |    13 |    11 ||    24
       Potion            |       |       |       |     1 ||     1
 Stab: Distracted        |       |     1 |       |       ||     1
       Sleeping          |       |       |    11 |     1 ||    12
       Confused          |       |       |    12 |       ||    12
  Eat: Chunk             |     8 |     6 |    19 |    10 ||    43
       Meat ration       |       |     1 |       |       ||     1
       Royal jelly       |       |       |     2 |       ||     2
       Fruit             |       |       |     1 |       ||     1
Armor: Robe              |     3 |    14 |       |       ||    17
       Leather armour    |       |    19 |   233 |   104 ||   356
       Skin              |       |       |       |    10 ||    10
Dodge: Dodged            |    20 |    40 |   511 |   144 ||   715
       Rpst.: Long sword |       |       |     3 |       ||     3

Table legend:
 A = Spawn XP
 B = Non-spawn XP
 C = Spawn XP percentage of total XP
 D = Spawn monster count
 E = Non-spawn monster count
 F = Spawn count percentage of total count
 G = Total turns spent on level
                    A         B        C        D         E        F      G
               +---------+---------+-------+---------+---------+-------+---------
         Total |       0 |   10992 |   0.0 |       0 |     247 |   0.0 | 16072
               +---------+---------+-------+---------+---------+-------+---------
           D:1 |       0 |      28 |   0.0 |       0 |      16 |   0.0 |  1167
           D:2 |       0 |      37 |   0.0 |       0 |      16 |   0.0 |  1098
           D:3 |       0 |     207 |   0.0 |       0 |      32 |   0.0 |  2259
           D:4 |       0 |     291 |   0.0 |       0 |      11 |   0.0 |  1173
           D:5 |       0 |     409 |   0.0 |       0 |      11 |   0.0 |   715
           D:6 |       0 |    1299 |   0.0 |       0 |      29 |   0.0 |  3119
           D:7 |       0 |    3262 |   0.0 |       0 |      35 |   0.0 |  2316
           D:8 |       0 |    1453 |   0.0 |       0 |      26 |   0.0 |   799
           D:9 |       0 |    1400 |   0.0 |       0 |      14 |   0.0 |  1371
          D:10 |       0 |    2040 |   0.0 |       0 |      18 |   0.0 |  1203
          D:11 |       0 |     209 |   0.0 |       0 |       2 |   0.0 |   120
       Ossuary |       0 |     357 |   0.0 |       0 |      37 |   0.0 |   732
               +---------+---------+-------+---------+---------+-------+---------
